 Dungeon Crawl Stone Soup version 0.31-a0-876-gfe8ebadbca (webtiles) character file.

Game seed: 3354541282344397747

15486 Flugkiller the Carver (level 12, -2/109 HPs)
             Began as a Deep Elf Gladiator on Oct 14, 2023.
             Was a High Priest of Okawaru.
             Slain by an eight-headed hydra (5 damage)
             ... on level 2 of the Lair of Beasts.
             The game lasted 00:21:25 (12954 turns).

Flugkiller the Carver (Deep Elf Gladiator)         Turns: 12954, Time: 00:21:26

Health: -2/109     AC: 26    Str: 11    XL:     12   Next: 1%
Magic:  20/20      EV:  2    Int: 15    God:    Okawaru [*****.]
Gold:   163        SH:  5    Dex: 20    Spells: 11/11 levels left

rFire   . .          .
                       - Unarmed
rCold   . . .        (no shield)
rNeg    . . .        f - melded +0 leather armour
rPois   +            c - melded +2 helmet
rElec   .            s - melded +0 cloak
rCorr   .            l - melded +2 pair of gloves
SInv    .            (boots currently unavailable)
Will    +....        i - amulet of reflection
Stlth   +++          q - +5 ring of evasion
HPRegen 0.38/turn    v - +5 ring of evasion
MPRegen 0.17/turn

%: reflection
@: tree-form, heroic
A: stationary, stasis, torment immunity, boosted hp
a: Renounce Religion, Heroism, Finesse, Duel


You were on level 2 of the Lair of Beasts.
You worshipped Okawaru.
Okawaru was extremely pleased with you.
You were a tree.
You visited 3 branches of the dungeon, and saw 14 of its levels.

You collected 667 gold pieces.
You spent 504 gold pieces at shops.

Inventory:

Hand Weapons
 a - a +6 falchion
   (You took it off a wight on level 6 of the Dungeon)
 b - a +2 whip of venom
   (You found it on level 1 of the Dungeon)
 I - a +0 scimitar
   (You found it on level 8 of the Dungeon)
Missiles
 d - a throwing net (quivered)
 e - 6 javelins
 x - a silver javelin
Armour
 c - a +2 helmet (melded)
 f - a +0 leather armour (melded)
 k - a +0 ring mail
   (You found it on level 1 of the Dungeon)
 l - a +2 pair of gloves (melded)
   (You found it on level 4 of the Dungeon)
 s - a +0 cloak (melded)
   (You found it on level 3 of the Dungeon)
Jewellery
 i - an amulet of reflection (around neck)
   (You found it on level 1 of the Dungeon)
 m - a ring of willpower
   (You found it on level 8 of the Dungeon)
 o - a ring of poison resistance
   (You found it on level 3 of the Dungeon)
 q - a +5 ring of evasion (left branch)
   (You bought it in a shop on level 11 of the Dungeon)
 v - a +5 ring of evasion (right branch)
   (You found it on level 7 of the Dungeon)
 A - a ring of fire
   (You found it on level 6 of the Dungeon)
Wands
 G - a wand of flame (33)
   (You found it on level 7 of the Dungeon)
Scrolls
 n - a scroll of brand weapon
 p - a scroll of silence
 t - 2 scrolls of teleportation
 u - a scroll of revelation
 y - a scroll of poison
 z - a scroll of blinking
 F - 2 scrolls of vulnerability
 H - a scroll of torment
 K - 2 scrolls of enchant weapon
Potions
 g - a potion of lignification
 h - a potion of ambrosia
 j - 2 potions of enlightenment
 r - a potion of attraction {unknown}
 w - a potion of invisibility {unknown}
 B - a potion of haste {unknown}
 C - a potion of mutation {unknown}
 D - a potion of cancellation


   Skills:
 - Level 8.0(13.0) Fighting
 + Level 11.5(16.5) Long Blades
 - Level 2.0(7.0) Throwing
 - Level 10.0(15.0) Dodging
 - Level 9.0 Invocations
 - Level 6.0 Evocations


You had 11 spell levels left.
You didn't know any spells.
Your spell library contained the following spells:

 Spells                   Type           Power      Damage    Failure   Level
 Ozocubu's Armour         Ice            0%         N/A       63%         3
 Dimensional Bullseye     Hex/Tloc       0%         N/A       95%         4
 Iskenderun's Mystic Bla  Conj/Tloc      0%         2d3       95%         4
 Olgreb's Toxic Radiance  Pois           0%         N/A       95%         4
 Iskenderun's Battlesphe  Conj           0%         2d6       100%        5
 Bombard                  Conj/Erth      0%         9d1       100%        6
 Ozocubu's Refrigeration  Ice            0%         4d7       100%        7
 Discord                  Hex            0%         N/A       100%        8
 Ignition                 Fire           0%         3d3       100%        8
 Summon Small Mammal      Summ           Unusable   N/A       N/A         1
 Call Canine Familiar     Summ           Unusable   N/A       N/A         3
 Summon Guardian Golem    Hex/Summ       Unusable   N/A       N/A         3
 Tukima's Dance           Hex            Unusable   N/A       N/A         3
 Animate Dead             Necr           Unusable   N/A       N/A         4
 Haunt                    Necr/Summ      Unusable   N/A       N/A         7
 Spellforged Servitor     Conj/Summ      Unusable   N/A       N/A         7
 Infestation              Necr           Unusable   N/A       N/A         8

Dungeon Overview and Level Annotations

Branches:
Dungeon (11/15) Zot: 25932  Temple (1/1) D:5 Zot: 5983    Lair (2/5) D:9 Zot: 9386
    Orc (0/2) D:9
  Swamp: Lair:2-3    Shoals: Lair:2-3     Snake: Lair:2-3    Spider: Lair:2-3

Altars:
Ashenzari
Cheibriados
Dithmenos
Elyvilon
Fedhas
Gozag
Hepliaklqana
Kikubaaqudgha
Makhleb
Nemelex Xobeh
Okawaru
Qazlal
Ru
Sif Muna
Trog
Uskayaw
Vehumet
Wu Jian
Xom
Yredelemnul
Zin
The Shining One

Shops:
D:6 *   D:9 [(   D:11 =

Portals:
Trove: D:10 (give 17 potions of curing)

Annotations:
D:1 2 transporters
D:5 Blork the orc
D:6 3 runed translucent doors, Torious's ghost, novice DECj
D:8 exclusion: two-headed ogre


Message History

You smack the eight-headed hydra!
The eight-headed hydra is lightly wounded.
The grasping roots constrict the eight-headed hydra!
The grasping roots constrict the yak.
The grasping roots constrict the yak!
The roots release their grip on the eight-headed hydra.
The roots release their grip on the yak.
The eight-headed hydra bites you but does no damage.
The eight-headed hydra bites you. x2
The eight-headed hydra bites you but does no damage.
You block the eight-headed hydra's attack.
The eight-headed hydra bites you but does no damage. x3
You hit the eight-headed hydra.
The eight-headed hydra is moderately wounded.
The grasping roots constrict the yak.
The eight-headed hydra bites you but does no damage. x4
The eight-headed hydra bites you!
You block the eight-headed hydra's attack.
The eight-headed hydra bites you but does no damage.
The eight-headed hydra bites you.
You barely miss the eight-headed hydra.
The eight-headed hydra is moderately wounded.
The grasping roots constrict the yak!
You hit the eight-headed hydra.
The eight-headed hydra is moderately wounded.
The grasping roots constrict the yak!
The roots release their grip on the yak.
The eight-headed hydra bites you but does no damage.
The eight-headed hydra bites you.
The eight-headed hydra bites you but does no damage. x2
The eight-headed hydra bites you.
The eight-headed hydra bites you but does no damage. x3
Unknown command.
Aiming: Throw Flame
Press: ? - help, Shift-Dir - straight line, f/p - eight-headed hydra
Aim: an eight-headed hydra (moderately wounded, 91% to hit)
The puff of flame hits the eight-headed hydra!
The eight-headed hydra is heavily wounded.
The eight-headed hydra bites you but does no damage. x2
You block the eight-headed hydra's attack.
The eight-headed hydra bites you but does no damage.
The eight-headed hydra barely misses you.
The eight-headed hydra bites you but does no damage. x2
You block the eight-headed hydra's attack.
Aiming: Throw Flame
Press: ? - help, Shift-Dir - straight line, f/p - eight-headed hydra
Aim: an eight-headed hydra (moderately wounded, 91% to hit)
The puff of flame hits the eight-headed hydra.
The eight-headed hydra is heavily wounded.
The eight-headed hydra bites you but does no damage. x8
Aiming: Throw Flame
Press: ? - help, Shift-Dir - straight line, f/p - eight-headed hydra
Aim: an eight-headed hydra (heavily wounded, 91% to hit)
The puff of flame hits the eight-headed hydra.
The eight-headed hydra is heavily wounded.
The eight-headed hydra bites you.
The eight-headed hydra barely misses you.
The eight-headed hydra bites you but does no damage.
You block the eight-headed hydra's attack.
The eight-headed hydra bites you but does no damage. x2
The eight-headed hydra bites you! The eight-headed hydra bites you.
Aiming: Throw Flame
Press: ? - help, Shift-Dir - straight line, f/p - eight-headed hydra
Aim: an eight-headed hydra (heavily wounded, 91% to hit)
The puff of flame hits the eight-headed hydra!
The eight-headed hydra is severely wounded.
The eight-headed hydra bites you but does no damage.
The eight-headed hydra barely misses you.
The eight-headed hydra bites you but does no damage. x4
You block the eight-headed hydra's attack.
The eight-headed hydra bites you.
Aiming: Throw Flame
Press: ? - help, Shift-Dir - straight line, f/p - eight-headed hydra
Aim: an eight-headed hydra (severely wounded, 91% to hit)
The puff of flame hits the eight-headed hydra.
The eight-headed hydra is severely wounded.
The eight-headed hydra bites you but does no damage. x2
The eight-headed hydra bites you.
The eight-headed hydra barely misses you.
The eight-headed hydra bites you.
* * * LOW HITPOINT WARNING * * *
The eight-headed hydra bites you!
* * * LOW HITPOINT WARNING * * *
You block the eight-headed hydra's attack.
The eight-headed hydra barely misses you.
Aiming: Throw Flame
Press: ? - help, Shift-Dir - straight line, f/p - eight-headed hydra
Aim: an eight-headed hydra (severely wounded, 91% to hit)
The puff of flame misses the eight-headed hydra.
The puff of flame hits the yak.
The yak is almost dead.
You block the eight-headed hydra's attack.
The eight-headed hydra bites you.
* * * LOW HITPOINT WARNING * * *
The eight-headed hydra bites you.
* * * LOW HITPOINT WARNING * * *
The eight-headed hydra bites you.
* * * LOW HITPOINT WARNING * * *
The eight-headed hydra bites you but does no damage. x2
The eight-headed hydra bites you.
You die...

.......#####......[.....#
........#..+....<......##
.......................#
.......P...#...........#
.......P.###...........#
.......### ##...+#######
.#'.#.#.# #P#YY#
#<.###### ####D# .######
#♣## ##.....## #).###
......########.#.##
#...##.........##
#....DYY.......P#
#...#..........##
......##...........#
.....####...........#
######.............##


You could see an eight-headed hydra and 2 yaks.

Vanquished Creatures
  A skyshark (Lair:1)
  Pikel (D:7)
  A manticore (D:9)
  A black mamba (Lair:1)
  3 cane toads (Lair:1)
  2 kobold demonologists (D:11)
  A rime drake (Lair:2)
  9 komodo dragons
  Prince Ribbit (D:5)
  2 hornets
  Grinder (D:5)
  4 blink frogs
  Sigmund (D:4)
  2 wyverns
  3 wraiths
  16 yaks
  3 vampire mosquitoes (D:10)
  3 nagas (Lair:2)
  2 acid dragons (D:10)
  6 water moccasins
  A sky beast (D:4)
  3 orc warriors
  2 black bears
  A wolf (Lair:1)
  An ogre (D:5)
  2 centaurs (D:9)
  A phantom (D:5)
  3 kobold brigands
  4 lemures
  9 bullfrogs
  6 scorpions
  A gnoll sergeant (D:9)
  9 wights
  3 howler monkeys
  A jelly (D:5)
  3 orc priests (D:11)
  A hound (D:4)
  5 iguanas
  6 orc wizards
  2 sleepcaps (D:7)
  6 hell rats (Lair:1)
  8 gnolls
  6 adders
  A shadow imp (D:8)
  A white imp (D:8)
  2 ufetubi
  2 worms (D:2)
  4 dart slugs
  13 orcs
  6 ball pythons
  3 bats
  5 endoplasms
  7 giant cockroaches
  10 goblins
  5 hobgoblins
  4 jackals (D:1)
  15 kobolds
  3 frilled lizards
  2 rats
230 creatures vanquished.

Vanquished Creatures (others)
  A kobold (D:7)
1 creature vanquished.

Grand Total: 231 creatures vanquished

Notes
Turn   | Place    | Note
-------+----------+-------------------------------------------
     0 | D:1      | Flugkiller the Deep Elf Gladiator began the quest for the
                  | Orb.
     0 | D:1      | Reached XP level 1. HP: 12/12 MP: 3/3
    21 | D:1      | Reached skill level 3 in Long Blades
    46 | D:1      | Reached XP level 2. HP: 16/16 MP: 4/4
   434 | D:1      | Reached XP level 3. HP: 21/21 MP: 5/5
  1164 | D:2      | Found a faded altar of an unknown god.
  1222 | D:2      | You fall into a shaft and drop 1 floor!
  1483 | D:2      | Reached XP level 4. HP: 17/27 MP: 6/6
  1885 | D:3      | Found a faded altar of an unknown god.
  1889 | D:3      | Found a glowing golden altar of the Shining One.
  2156 | D:4      | Noticed a black bear
  2169 | D:4      | Killed a black bear
  2170 | D:4      | Reached XP level 5. HP: 15/32 MP: 7/7
  2261 | D:4      | Noticed Sigmund
  2269 | D:4      | Killed Sigmund
  2270 | D:4      | Reached skill level 5 in Dodging
  2270 | D:4      | Reached XP level 6. HP: 17/39 MP: 8/8
  2509 | D:4      | Found a glowing silver altar of Zin.
  2633 | D:4      | Reached skill level 5 in Fighting
  2818 | D:4      | Noticed a sky beast
  2835 | D:4      | Killed a sky beast
  2836 | D:4      | Reached XP level 7. HP: 41/45 MP: 9/9
  2870 | D:5      | Entered Level 5 of the Dungeon
  3029 | D:5      | Noticed a yak
  3029 | D:5      | Noticed a yak
  3029 | D:5      | Noticed a yak
  3029 | D:5      | Noticed a yak
  3266 | D:5      | Found a staircase to the Ecumenical Temple.
  3282 | Temple   | Entered the Ecumenical Temple
  3290 | Temple   | Became a worshipper of Warmaster Okawaru
  3342 | D:5      | Noticed Prince Ribbit
  3357 | D:5      | Killed Prince Ribbit
  3358 | D:5      | Reached XP level 8. HP: 34/51 MP: 10/10
  3443 | D:5      | Reached skill level 1 in Invocations
  3580 | D:5      | Noticed Grinder
  3604 | D:5      | Paralysed by Grinder for 3 turns
  3621 | D:5      | Killed Grinder
  3803 | D:5      | Noticed Blork the orc
  4154 | D:6      | Found a runed translucent gate.
  4154 | D:6      | Found a runed translucent gate.
  4154 | D:6      | Found a runed translucent gate.
  4364 | D:6      | Reached * piety under Okawaru
  4580 | D:6      | Reached skill level 4 in Long Blades
  4580 | D:6      | Reached skill level 10 in Dodging
  4813 | D:6      | Noticed an angel
  4818 | D:6      | Found Axuriwis's Hallowed Reliquary.
  4946 | D:6      | Reached XP level 9. HP: 47/55 MP: 13/13
  5008 | D:6      | Reached skill level 5 in Long Blades
  5011 | D:6      | Noticed Torious's ghost (novice DECj)
  5501 | D:7      | Reached skill level 6 in Long Blades
  5708 | D:7      | Found a hazy altar of Hepliaklqana.
  6141 | D:7      | Noticed Pikel
  6155 | D:7      | HP: 1/55 [constriction (9)]
  6162 | D:7      | Killed Pikel
  6162 | D:7      | Reached ** piety under Okawaru
  6163 | D:7      | Reached skill level 7 in Long Blades
  6477 | D:8      | Found a sparkling altar of Nemelex Xobeh.
  6555 | D:8      | Noticed a two-headed ogre
  6856 | D:8      | Reached skill level 1 in Evocations
  7238 | D:9      | Found Ynavun's Armour Shop.
  7238 | D:9      | Found a staircase to the Orcish Mines.
  7238 | D:9      | Found Kaan Naramoc's Weapon Shop.
  7464 | D:9      | Reached skill level 8 in Long Blades
  7730 | D:9      | Found a staircase to the Lair.
  8109 | D:9      | Noticed a manticore
  8135 | D:9      | Reached skill level 5 in Evocations
  8135 | D:9      | Killed a manticore
  8136 | D:9      | Reached XP level 10. HP: 39/60 MP: 11/14
  8247 | D:10     | Entered Level 10 of the Dungeon
  8278 | D:10     | Reached *** piety under Okawaru
  8522 | D:10     | HP: 1/60 [acid dragon/splash of acid (24)]
  9149 | D:10     | Found a portal to a secret trove of treasure.
  9192 | D:11     | Noticed a two-headed ogre
  9302 | D:11     | Found Nobam's Jewellery Shop.
  9340 | D:11     | Reached skill level 5 in Invocations
  9355 | D:11     | Reached **** piety under Okawaru
  9395 | D:11     | Reached skill level 9 in Long Blades
  9449 | D:11     | Noticed a sixfirhy
  9458 | D:11     | Noticed a rust devil
  9465 | D:11     | Noticed a soul eater
  9681 | D:11     | Noticed a two-headed ogre
  9724 | D:11     | Noticed a cyclops
  9814 | Lair:1   | Entered Level 1 of the Lair of Beasts
  9881 | D:9      | Reached XP level 11. HP: 64/68 MP: 16/16
  9921 | Lair:1   | Reached ***** piety under Okawaru
 10000 | Lair:1   | Reached skill level 10 in Long Blades
 10006 | Lair:1   | Received a gift from Okawaru
 11090 | Lair:1   | Received a gift from Okawaru
 11755 | D:11     | Bought a +5 ring of evasion for 504 gold pieces
 12129 | Lair:2   | Noticed a five-headed hydra
 12175 | Lair:2   | Noticed a skyshark
 12212 | Lair:1   | Killed a skyshark
 12213 | Lair:1   | Reached skill level 11 in Long Blades
 12596 | Lair:2   | Noticed an eight-headed hydra
 12778 | Lair:2   | Reached XP level 12. HP: 31/73 MP: 20/20
 12954 | Lair:2   | HP: 5/109 [eight-headed hydra (6)]
 12954 | Lair:2   | Slain by an eight-headed hydra

Illustrated notes

Levels and vault maps discovered:
D:1:      spicycebolla_arrival_transporter_tutorial, layout_basic, minivault_14,
          dk_noncrumbling_4
D:2:      minmay_wonky_spiral, layout_basic,
          dreamdust_ecumenical_altar_hidden_monk_grotto, serial_rivers,
          chequers_serial_rivers_small_3, chequers_serial_rivers_micro_c,
          chequers_serial_rivers_micro_a, chequers_serial_rivers_small_b,
          chequers_serial_rivers_micro_b, chequers_serial_rivers_micro_c,
          minmay_distorted
D:3:      layout_rooms, nicolae_overflow_ecumenical_swirl, chequers_avenue
D:4:      layout_rooms, lemuel_doored_altar, uniq_sigmund
D:5:      layout_gridville, minmay_temple_entry_mist, st_stairs_13,
          hangedman_decor_riveting, uniq_grinder, uniq_prince_ribbit1,
          uniq_blork_the_orc
D:6:      layout_loops_corners, gammafunk_ghost_icy, nicolae_good_shop
D:7:      layout_rooms, old_standard_altar, corexii_leaking_fountain, uniq_pikel
D:8:      layout_basic, mainiacjoe_overflow_paths, lemuel_flamethrower_1
D:9:      layout_irregular_city, lair_entry_dummy, orc_david_3
D:10:     layout_basic, nicolae_trove_entry_diagonal, minmay_unpleasant_kobolds
D:11:     layout_rooms, serial_shops, nicolae_shop_gaudy_bauble, st_stairs_13
Temple:   dpeg_three_leaves_temple
Lair:1:   layout_long_grid, lemuel_fruit_tree, grunt_megastairs_4
Lair:2:   layout_roguey, minmay_snake_entry_guardpost_medium,
          pdpol_lair_neglected_garden, infiniplex_staircase_pool,
          serial_bayou_shore_b

Skill      XL: |  1  2  3  4  5  6  7  8  9 10 11 |
---------------+----------------------------------+-----
Long Blades    | 3 4 8 9 11 | 11.5
Dodging        | 4 5 8 10 | 10.0
Fighting       | 2 3 4 5 6 7 8 |  8.0
Invocations    | 3 5 9 |  9.0
Evocations     | 6 |  6.0
Throwing       | |  2.0

Action                     |  1- 3 |  4- 6 |  7- 9 | 10-12 || total
---------------------------+-------+-------+-------+-------++-------
  Melee: Long sword        |    21 |       |       |       ||    21
         Whip              |   105 |    94 |   366 |       ||   565
         Punch             |       |       |     7 |    13 ||    20
         Falchion          |       |       |    49 |   587 ||   636
         Unarmed           |       |       |       |     4 ||     4
  Throw: Throwing net      |       |     2 |       |     2 ||     4
 Invoke: Heroism           |       |       |     2 |     4 ||     6
  Evoke: Wand              |       |       |     6 |    10 ||    16
    Use: Scroll            |       |     7 |    11 |     6 ||    24
         Potion            |       |       |     5 |     4 ||     9
   Stab: Sleeping          |     1 |     2 |       |       ||     3
         Held in net/web   |       |       |       |     2 ||     2
 Armour: Leather armour    |    57 |    45 |   157 |   136 ||   395
         Skin              |       |       |       |    78 ||    78
  Dodge: Dodged            |    58 |    51 |   297 |   426 ||   832
  Block: Other             |    11 |    13 |    91 |   117 ||   232
         Reflection        |     1 |       |     3 |     5 ||     9

Table legend: (Time is in decaauts)
 A = Elapsed time spent in this place.
 B = Non-inter-level travel time spent in this place.
 C = Inter-level travel time spent in this place.
 D = Time resting spent in this place.
 E = Time spent auto-exploring this place.
 F = Levels seen in this place.
 G = Mean time per level.
                   A        B        C        D        E       F      G
               +--------+--------+--------+--------+--------+-----+--------+
         Total |  12932 |  11789 |   1143 |   2748 |   5845 |  14 |  923.7 |
       Dungeon |  10303 |   9366 |    937 |   1810 |   5037 |  11 |  936.6 |
        Temple |     16 |      9 |      7 |      0 |      0 |   1 |   16.0 |
          Lair |   2612 |   2414 |    198 |    938 |    808 |   2 | 1306.0 |
               +--------+--------+--------+--------+--------+-----+--------+

Top non-repeatable levels by time:
  Lair:1: 1965 daAuts
     D:6: 1471 daAuts
     D:9: 1362 daAuts
     D:5: 996 daAuts
    D:10: 992 daAuts
     D:7: 932 daAuts
     D:4: 905 daAuts
     D:2: 877 daAuts
     D:8: 866 daAuts
     D:1: 736 daAuts
  Lair:2: 646 daAuts
     D:3: 642 daAuts
    D:11: 519 daAuts
  Temple: 16 daAuts
